 Dungeon Crawl Stone Soup version 0.18.1-1-g2f07953 (webtiles) character file.

256 Glue9 the Poker (level 5, -11/42 HPs)
             Began as a Demonspawn Chaos Knight on June 22, 2016.
             Mangled by an ice beast (18 damage)
             ... on level 4 of the Dungeon.
             The game lasted 00:33:19 (2807 turns).

Glue9 the Poker (Demonspawn Chaos Knight)           Turns: 2807, Time: 00:33:19

Health: -11/42     AC: 10    Str: 14    XL:     5   Next: 92%
Magic:  6/14       EV:  7    Int: 13    God:    Xom [..*...]
Gold:   324        SH:  9    Dex: 12    Spells: 0 memorised, 4 levels left

rFire  + . .     SeeInvis .     a - +3 spear (chaos)
rCold  x . .     Gourm    .     y - +2 scale mail "Casarr" {+Inv rPois MP+9}
rNeg   . . .     Faith    .     n - +0 shield
rPois  +         Spirit   .     (helmet restricted)
rElec  .         Dismiss  .     (no cloak)
rCorr  .         Reflect  .     (no gloves)
SustAt .         Harm     .     (no boots)
MR     .....                    (no amulet)
Stlth  +.........               (no ring)
                                d - ring of fire

@: not resistant to hostile enchantments, very unstealthy
A: antennae 1, large bone plates 1, powered by death 1
a: Renounce Religion, Evoke Invisibility


You were on level 4 of the Dungeon.
You worshipped Xom.
You were a toy of Xom.
You were not hungry.

You visited 1 branch of the dungeon, and saw 4 of its levels.

You collected 324 gold pieces.

Inventory:

Hand Weapons
 a - a +3 spear of chaos (weapon)
 e - a +0 spear
 i - a +0 hunting sling
 r - a +0 shortbow
 w - a +0 hunting sling
Missiles
 g - 4 tomahawks of returning
 h - 17 bolts
 j - 145 stones (quivered)
 k - 15 poisoned needles
 m - 23 sling bullets
 q - 19 arrows
Armour
 b - a +2 leather armour
 n - a +0 shield (worn)
 p - a +0 leather armour
 s - a +0 leather armour
 y - the +2 scale mail "Casarr" (worn) {+Inv rPois MP+9}
   (You took it off an orc on level 4 of the Dungeon)

   It protects you from poison.
   It affects your magic capacity (+9).
   It lets you turn invisible.
Jewellery
 d - a ring of fire (left hand)
 x - an uncursed ring of flight {unknown}
Wands
 o - a wand of random effects (44/48)
Scrolls
 f - 3 scrolls of remove curse
 t - a scroll of identify
Potions
 l - a potion of flight
Comestibles
 c - 3 bread rations
 u - a meat ration
 v - 3 chunks of flesh


   Skills:
 + Level 3.7 Fighting
 + Level 4.3 Polearms
 + Level 2.5 Armour
 + Level 2.2 Dodging
 + Level 2.0 Stealth
 + Level 0.3 Shields


You had 4 spell levels left.
You didn't know any spells.

Dungeon Overview and Level Annotations

Branches:
Dungeon (4/15)
 Temple: D:4-7

Altars:
Cheibriados
Makhleb
Vehumet
Xom


Innate Abilities, Weirdness & Mutations

You have a pair of small antennae on your head.
You are partially covered in large bone plates (AC +2, SH +2).
You regenerate a little health from kills.


Message History

Xom thinks this is hilarious!
You hit the ice beast.
The ice beast is lightly wounded.
The ice beast hits you but does no damage.
You barely miss the ice beast.
The ice beast is lightly wounded.
The ice beast barely misses you. The ice beast hits you.
The ice beast freezes you!
You feel a terrible chill!
* * * LOW HITPOINT WARNING * * *
The ice beast hits you but does no damage.
The ice beast barely misses you.
Items here: ))) [[ a club; a dagger; a robe; a dagger; a robe Drink which item? (? for menu, Esc to quit)
Okay, then.
The ice beast hits you.
* * * LOW HITPOINT WARNING * * *
The ice beast freezes you!!
You feel a terrible chill!
You die...
Xom bursts into laughter!

# #.#...#...#
##.##..#.#######
##...#..........#
#........######.#
.........#
.........#
$........#
#.....#..#
##...##@.#
##....Y.#
#.###)## .. #.#
## ##.# #..# #.##
#.# ?#.


You could see an ice beast (berserk).

Vanquished Creatures
  A centaur (D:3)
  A crimson imp (D:3)
  2 orc wizards (D:4)
  3 adders
  A worm (D:3)
  3 dart slugs
  2 giant geckos
  3 orcs
  8 bats
  2 giant cockroaches
  7 goblins
  4 hobgoblins
  4 kobolds
  2 quokkas (D:3)
  A ball python (D:2)
  5 giant newts
  6 rats
  A butterfly (D:2)
56 creatures vanquished.

Vanquished Creatures (collateral kills)
  A hobgoblin (D:2)
1 creature vanquished.

Grand Total: 57 creatures vanquished

Notes
Turn   | Place    | Note
--------------------------------------------------------------
     0 | D:1      | Glue9 the Demonspawn Chaos Knight began the quest for the Orb.
     0 | D:1      | Reached XP level 1. HP: 18/18 MP: 1/1
    61 | D:1      | XOM: divination: detect items
    69 | D:1      | Reached skill level 1 in Dodging
   103 | D:1      | XOM: divination: detect items
   213 | D:1      | Gained mutation: You are partially covered in large bone plates (AC +2, SH +2). [demonic ancestry]
   213 | D:1      | Reached XP level 2. HP: 24/24 MP: 2/2
   462 | D:1      | Reached skill level 3 in Polearms
   884 | D:2      | Found a snail-covered altar of Cheibriados.
   932 | D:2      | Reached XP level 3. HP: 29/29 MP: 3/3
   946 | D:2      | Found a shimmering altar of Xom.
  1056 | D:2      | XOM: harmless Summ miscast
  1117 | D:2      | XOM: harmless Trmt miscast
  1342 | D:2      | XOM: divination: magic mapping
  1451 | D:3      | XOM: divination: detect items
  1770 | D:3      | Noticed a centaur
  1772 | D:3      | Killed a centaur
  1772 | D:3      | Reached skill level 1 in Stealth
  1772 | D:3      | Gained mutation: You have a pair of small antennae on your head. [demonic ancestry]
  1772 | D:3      | Reached XP level 4. HP: 36/36 MP: 4/4
  1782 | D:3      | XOM: harmless Erth miscast
  1789 | D:3      | XOM: 1-stop teleportation journey
  1816 | D:3      | Reached skill level 4 in Polearms
  1816 | D:3      | Gained mutation: You regenerate a little health from kills. [demonic ancestry]
  1816 | D:3      | Reached XP level 5. HP: 41/41 MP: 5/5
  1818 | D:3      | XOM: medium Tloc miscast
  2502 | D:3      | Found a radiant altar of Vehumet.
  2596 | D:3      | Found a burning altar of Makhleb.
  2667 | D:3      | XOM: noise
  2783 | D:4      | Got a polished scale mail
  2794 | D:4      | Identified the +2 scale mail "Casarr" {+Inv rPois MP+9} (You took it off an orc on level 4 of the Dungeon)
  2797 | D:4      | Noticed an ice beast
  2807 | D:4      | Mangled by an ice beast

Skill      XL: |  1  2  3  4  5 |
---------------+----------------+-----
Dodging        | 1 2 |  2.2
Armour         | 2 |  2.5
Polearms       | 3 4 |  4.3
Stealth        | 1 2 |  2.0
Fighting       | |  3.7
Shields        | |  0.3

Action                   |  1- 3 |  4- 6 || total
-------------------------+-------+-------++-------
Melee: Spear             |    90 |    80 ||   170
Evoke: Wand              |     1 |       ||     1
  Use: Scroll            |    10 |     1 ||    11
       Potion            |     6 |     2 ||     8
 Stab: Sleeping          |     2 |     4 ||     6
       Paralysed         |       |     3 ||     3
  Eat: Chunk             |     2 |     4 ||     6
Armor: Leather armour    |    15 |    20 ||    35
       Scale mail        |       |     2 ||     2
Dodge: Dodged            |    27 |    11 ||    38
Block: Other             |     1 |       ||     1
       Shield            |    12 |    14 ||    26
